Map: King Sejong Station LE

Players

eGsGalacius

  • Race: Terran Terran
  • League: Diamond

Ross - Winner!

  • Race: Terran Terran
  • League: Diamond

VOD

Have the link to the VOD?

Description

Time

  • Played on: July 20, 2016, 8:02 p.m.
  • Length: 15:57
Show
View Real Time Build Order
Export as new Build Order

eGsGalacius Terran 

Build Orders: Liberator Opening 

Get SALT Encoding   

  12  0:01  SCV  
  13  0:13  SCV  
  14  0:19  Supply Depot  
  14  0:25  SCV  
  15  0:29  Refinery  
  15  0:40  SCV  
  16  0:47  Barracks  
  16  0:52  SCV  
  17  1:04  SCV  
  18  1:16  SCV  
  19  1:20  Supply Depot  
  19  1:37  Supply Depot  
  19  1:39  SCV  
  20  1:40  Reaper  
  21  1:56  Factory  
  21  1:58  Refinery  
  21  2:03  Orbital Command  
  21  2:27  Command Center  
  21  2:32  Barracks Reactor  
  21  2:40  SCV  
  21  2:44  Widow Mine, Starport  
  23  3:09  Marine x2  
  23  3:11  SCV  
  26  3:15  Supply Depot  
  26  3:17  Widow Mine  
  28  3:22  Medivac  
  28  3:25  SCV  
  31  3:36  Marine x2  
  33  3:54  Starport Tech Lab, Marine x2  
  35  3:57  Factory Tech Lab  
  35  3:58  Liberator  
  35  3:59  Orbital Command  
  35  4:06  Engineering Bay  
  35  4:12  Marine x2  
  35  4:16  Siege Tank  
  43  4:33  SCV  
  43  4:36  Supply Depot  
  44  4:41  Marine x2  
  44  4:45  SCV  
  47  4:47  Liberator  
  47  4:49  Siege Tank  
  48  5:05  Marine x2  
  48  5:07  SCV  
  54  5:19  SCV  
  55  5:30  Marine x2  
  55  5:35  SCV x2, Barracks  
  59  5:36  Barracks  
  59  5:47  SCV x2  
  56  6:14  SCV  
  57  6:24  Command Center  
  55  6:26  SCV  
  55  6:27  Starport Reactor  
  55  6:28  Barracks Reactor  
  55  6:29  Barracks Tech Lab, Marine x2  
  58  6:33  Barracks  
  46  7:04  Marine x2  
  46  7:05  Marauder, Medivac, Marine x2  
  46  7:06  Siege Tank, Medivac  
  59  7:21  Terran Infantry Weapons Level 1  
  59  7:22  Engineering Bay, Marine x3, Barracks  
  60  7:23  Stimpack, Barracks Reactor  
  60  7:27  Barracks  
  60  7:29  Marauder, Marine  
  65  7:30  Supply Depot  
  65  7:33  Supply Depot  
  65  7:35  SCV  
  65  7:36  SCV  
  67  7:40  Refinery  
  64  7:47  SCV  
  64  7:48  SCV  
  68  7:56  Orbital Command  
  68  7:58  Medivac x2  
  72  7:59  SCV, Marine x3  
  72  8:00  SCV, Marine  
  76  8:07  Marine x2  
  76  8:11  SCV  
  79  8:17  Terran Infantry Armor Level 1  
  79  8:23  SCV  
  79  8:26  Refinery  
  80  8:27  SCV  
  81  8:35  SCV  
  81  8:39  SCV  
  83  8:47  SCV  
  84  8:51  SCV, Marine x6  
  84  8:52  Marine x3  
  84  8:53  Siege Tank  
  97  8:58  Factory  
  97  9:03  SCV  
  97  9:04  Sensor Tower  
  97  9:09  Armory, Marine x2  
  97  9:13  Marine x4  
  101  9:18  SCV, Marine  
  101  9:20  Supply Depot  
  101  9:21  Supply Depot  
  103  9:30  SCV  
  104  9:45  Supply Depot  
  78  9:46  Marine x5  
  78  9:47  Marine x4, Factory Tech Lab  
  78  9:48  Medivac x2  
  78  9:49  Siege Tank  
  94  9:53  SCV  
  95  10:05  SCV, Marine x3  
  95  10:06  Marine x6  
  105  10:08  Supply Depot  
  105  10:15  Siege Tank  
  105  10:18  Medivac  
  105  10:21  Siege Tank  
  113  10:23  Marine x5  
  113  10:24  SCV, Marine x4  
  113  10:27  Barracks  
  123  10:30  Bunker  
  123  10:36  SCV  
  124  10:51  Barracks Reactor x2  
  124  10:54  Marine x3  
  124  10:55  Marine  
  124  10:56  Barracks  
  122  11:06  Medivac x2  
  122  11:07  Marine x3  
  122  11:09  Siege Tank x2  
  136  11:12  Marine x2  
  122  11:35  Marine x4  
  122  11:37  Marine x3  
  76  12:04  Marine x5  
  76  12:05  Marine  
  82  12:17  Marine x2  
  82  12:18  Siege Tank, Marine x2  
  82  12:22  Marine  
  72  12:42  Marine x6  
  72  12:43  Marine x2  
  76  12:48  Marine x2  
  68  13:00  Marine x5  
  66  13:08  Marine  
  66  13:09  Marine  
  62  13:29  Starport Reactor  
  62  13:30  Marine x2  
  62  13:31  Marine x6  
  70  13:42  Siege Tank x2  
  70  13:43  Marine x2  
  70  13:48  Marine x3  
  78  13:49  Marine  
  78  13:53  Engineering Bay  
  82  14:00  Marine x4, Orbital Command  
  82  14:01  Marine x2  
  88  14:06  Marine  
  89  14:10  Medivac x2  
  93  14:49  Siege Tank x2, Medivac  
  101  14:53  Supply Depot  
  101  15:01  Marine  
  102  15:14  Medivac, Marine x6  
  110  15:29  Marine  
  110  15:34  Marine x3  
  110  15:35  Marine x2  
Show
View Real Time Build Order
Export as new Build Order

Ross Terran - Winner!

Build Orders: Reaper Expand 

Get SALT Encoding   

  12  0:00  SCV  
  13  0:12  SCV  
  14  0:17  Supply Depot  
  14  0:25  SCV  
  15  0:39  SCV  
  15  0:42  Barracks  
  16  0:46  Refinery  
  16  0:51  SCV  
  17  1:03  SCV  
  18  1:15  SCV  
  19  1:28  Orbital Command  
  19  1:29  Reaper  
  20  1:45  Command Center  
  20  1:55  Supply Depot  
  20  1:56  SCV  
  21  2:02  Marine  
  22  2:09  SCV  
  23  2:22  Factory  
  22  2:23  SCV  
  22  2:24  Refinery  
  22  2:26  Barracks Reactor  
  23  2:36  SCV  
  23  3:01  SCV  
  23  3:03  Marine x2  
  26  3:13  SCV, Orbital Command  
  26  3:17  Starport, Hellion  
  29  3:21  Marine x2  
  29  3:25  SCV  
  32  3:37  SCV  
  33  3:42  SCV  
  33  3:45  Marine  
  33  3:46  Marine  
  36  3:50  SCV  
  36  3:52  Factory Tech Lab  
  37  3:56  SCV  
  38  4:06  SCV  
  38  4:07  Marine  
  38  4:08  Marine  
  41  4:10  Viking  
  41  4:12  SCV  
  44  4:17  Supply Depot x2  
  44  4:21  Siege Tank  
  47  4:27  Marine x2  
  47  4:48  SCV  
  47  4:49  SCV  
  48  5:02  SCV x2, Marine x2  
  52  5:08  Siege Tank, Viking  
  57  5:17  SCV  
  57  5:20  Marine x2  
  60  5:22  SCV  
  60  5:23  Engineering Bay  
  60  5:26  Supply Depot  
  60  5:27  Supply Depot  
  58  5:30  SCV  
  59  5:36  SCV  
  60  5:45  Barracks x2  
  60  5:47  Barracks Tech Lab  
  60  5:48  SCV  
  62  5:53  Supply Depot  
  55  6:09  SCV  
  55  6:10  Marine  
  53  6:21  SCV  
  41  6:54  Orbital Command  
  41  7:01  SCV, Barracks Reactor, Marine x2  
  37  7:04  Marine  
  37  7:10  Siege Tank, Viking  
  37  7:13  SCV  
  40  7:19  Marine  
  40  7:20  Marine  
  40  7:22  Stimpack, Marine  
  43  7:27  Barracks  
  43  7:29  Barracks  
  43  7:30  SCV x2, Barracks  
  43  7:31  Barracks  
  45  7:40  Viking  
  45  7:42  SCV, Marine x5  
  52  7:49  Terran Infantry Weapons Level 1  
  52  7:56  SCV x2  
  54  8:04  Marine x3  
  57  8:08  SCV  
  57  8:09  Siege Tank  
  57  8:10  Marine  
  62  8:17  SCV  
  63  8:20  Barracks Reactor x4  
  63  8:21  SCV  
  63  8:23  Marine  
  63  8:24  Marine  
  66  8:29  SCV  
  66  8:30  Marine x2  
  66  8:33  Starport Reactor  
  69  8:35  SCV  
  71  8:41  SCV  
  71  8:48  SCV  
  72  8:54  SCV  
  71  9:00  SCV  
  72  9:07  SCV  
  72  9:08  Marine x7  
  72  9:09  Siege Tank, Marine x4  
  87  9:12  SCV  
  87  9:16  Supply Depot  
  88  9:17  Medivac  
  88  9:19  Medivac  
  84  9:44  SCV x2, Marine x4  
  84  9:45  Marine x9  
  99  9:48  Medivac  
  101  9:56  SCV  
  101  9:57  Combat Shields  
  102  10:00  Terran Infantry Armor Level 1  
  102  10:01  Supply Depot  
  102  10:04  Supply Depot  
  102  10:05  Supply Depot  
  102  10:22  Medivac, Marine x5  
  102  10:24  Supply Depot  
  102  10:28  Supply Depot  
  109  10:37  Siege Tank, Medivac, Marine  
  109  10:38  Marine x5  
  120  10:45  Marine x3  
  113  11:28  Marine x7  
  113  11:29  Marine x6  
  126  11:46  Marine  
  126  11:47  Command Center  
  126  11:54  Marine  
  126  11:55  Marine  
  126  11:56  Marine x3  
  129  12:17  Siege Tank, Medivac x2  
  129  12:18  Marine x2  
  110  13:18  Engineering Bay  
  110  13:20  Armory  
  102  13:31  Marine  
  102  13:32  Marine x12  
  102  13:33  Siege Tank  
  118  13:41  Orbital Command  
  118  13:49  Marine x4  
  118  13:50  Marine  
  118  13:51  Marine  
  118  13:52  Marine x2  
  126  13:56  Factory  
  126  14:04  Sensor Tower  
  126  14:05  Siege Tank  
  126  14:07  Marine x3  
  132  14:16  Marine x6  
  138  14:33  Marine x4  
  138  14:35  Marine x7  
  149  14:49  SCV  
  149  14:51  Refinery x2  
  150  14:53  Refinery  
  150  14:55  Refinery  
  150  14:59  Supply Depot  
  150  15:06  Factory Tech Lab  
  149  15:16  Marine x8  
  156  15:31  Marine  
Tags
 
Add a new tag
Caveats
  • Supply blocks, unpowered buildings, or Contaminate may cause inaccurate times.
  • Supply counts are checked every 10 seconds.